 Dungeon Crawl Stone Soup version 0.31-a0-702-gf82c85558f (webtiles) character file.

Game seed: 9448671765230195099

1010 qw the Skirmisher (level 8, -5/50 HPs)
             Began as a Gargoyle Hunter on Sept 8, 2023.
             Killed by divine providence
             ... invoked by Jeremiah
              (14 damage)
             ... on level 6 of the Dungeon.
             The game lasted 00:01:59 (5150 turns).

qw the Skirmisher (Gargoyle Hunter)                 Turns: 5150, Time: 00:01:59

Health: -5/50      AC: 10    Str: 20    XL:     8   Next: 21%
Magic:  8/8        EV: 11    Int: 11    God:
Gold:   170        SH:  5    Dex: 15    Spells: 7/7 levels left

rFire   . . .        Y - +0 orcbow (flame)
rCold   . . .        (shield currently unavailable)
rNeg    + . .        h - +0 ring mail
rPois   inf          (no helmet)
rElec   +            (no cloak)
rCorr   .            (no gloves)
SInv    .            (no boots)
Will    .....        j - amulet of reflection
Stlth   +            g - +6 ring of strength
HPRegen 0.28/turn    (no ring)
MPRegen 0.11/turn

%: reflection
@: about to teleport
A: sickness immunity, AC +5, negative energy resistance 1, electricity
resistance, torment resistance 1, petrification resistance
a: no special abilities


You were on level 6 of the Dungeon.
You visited 1 branch of the dungeon, and saw 6 of its levels.

You collected 282 gold pieces.
You spent 112 gold pieces at shops.


Innate Abilities, Weirdness & Mutations

You are immune to sickness and miasma.
Your stone body is resilient. (AC +5)
You are immune to poison.
You resist negative energy. (rN+)
You are resistant to electric shocks. (rElec)
You are resistant to unholy torment.
You are immune to petrification.


   Skills:
 - Level 5.4 Fighting
 + Level 8.4 Ranged Weapons
 - Level 1.2 Armour
 - Level 2.7 Dodging
 - Level 1.1 Stealth


You had 7 spell levels left.
You didn't know any spells.
Your spell library was empty.

Inventory:

Hand Weapons
 Y - a +0 orcbow of flaming (weapon)
Armour
 h - a +0 ring mail (worn)
Jewellery
 g - a +6 ring of strength (left hand)
 j - an amulet of reflection (around neck)
Scrolls
 f - 3 scrolls of identify
Potions
 a - a potion of curing
 b - a potion of mutation
 d - a potion of might

Dungeon Overview and Level Annotations

Branches:
Dungeon (6/15)             Temple (0/1) D:6

Altars:
Ashenzari
Cheibriados
Hepliaklqana
Kikubaaqudgha
Nemelex Xobeh
Sif Muna
Wu Jian

Shops:
D:5 [   D:6 *

Annotations:
D:4 2 runed translucent doors, qw's ghost, amateur GrHs
D:6 Jeremiah


Message History

The orc priest shouts!
The arrow hits the butterfly!
The arrow burns the butterfly.
You kill the butterfly!
The butterfly disappears in a burst of colours!
The gnoll is no longer moving quickly. x2; The gnoll closely misses you.
The gnoll barely misses you. You block the gnoll's attack.
5147 |||
Found retreat position at 0,-1 (gnoll; floor) with 0 blocking monsters and 4 monsters attacking at destination at distance 1 You shoot an arrow.
The arrow barely misses the gnoll.
The arrow hits the butterfly.
The arrow burns the butterfly.
You kill the butterfly!
The butterfly disappears in a burst of colours!
The gnoll is no longer moving quickly.
Jeremiah mumbles a slurred invocation.
Something smites you! The gnoll hits you but does no damage.
You block the gnoll's attack. The gnoll misses you.
5148 |||
Found retreat position at 0,-1 (gnoll; floor) with 0 blocking monsters and 4 monsters attacking at destination at distance 1 You shoot an arrow.
The arrow closely misses the gnoll.
The arrow misses the butterfly.
The arrow hits Jeremiah.
The arrow burns Jeremiah.
Jeremiah is lightly wounded.
The gnoll barely misses you. The gnoll misses you.
The gnoll hits you from afar with a +0 spear.
An orc priest comes into view. It is wielding a +0 mace.
5149 |||
Found retreat position at 0,-1 (gnoll; floor) with 0 blocking monsters and 4 monsters attacking at destination at distance 1
5149 ||| READING scroll of teleportation.
As you read the scroll of teleportation, it crumbles to dust.
You feel strangely unstable. The gnoll closely misses you.
Jeremiah hops!
The gnoll hits you from afar with a +0 halberd.
The gnoll hits you from afar with a +0 spear.
5150 |||
Found retreat position at 0,-1 (gnoll; floor) with 0 blocking monsters and 4 monsters attacking at destination at distance 1 You shoot an arrow.
The arrow barely misses the gnoll.
The arrow hits the butterfly.
The arrow burns the butterfly.
You kill the butterfly!
The butterfly disappears in a burst of colours!
The gnoll barely misses you.
Jeremiah mumbles a slurred invocation.
Something smites you!
You die...
Jeremiah wails, "I didn't mean to kill anyone!
I'm not a murderer!"

.. #.#.##... .. b...) .# .. #
#.##F#b##.#.. #.# .bb#...... ##
.. #.b.#.#.##..##
..##F#bb.#.#............
#...b.gbg....#..........
#...#.#g#....#..##......
...........#.#.#@#.##............
>..........#?......%...#.#.......
..............#.##o#.#.#.........
...........## #....#.#...........
.................................
...).......>..#####..##......#.%
#............ ##.##....####..
#<)..........###.......## ##.
##....<......#.##......### ##.


You could see Jeremiah, an orc priest and 3 gnolls.

Vanquished Creatures
  A wraith (D:6)
  A sky beast (D:6)
  An ogre (D:5)
  2 bullfrogs (D:6)
  A scorpion (D:4)
  2 hounds (D:5)
  A gnoll bouda (D:6)
  A jelly (D:4)
  3 iguanas
  2 orc wizards (D:6)
  3 gnolls
  8 adders
  A white imp (D:5)
  An ufetubus (D:4)
  2 worms
  2 dart slugs
  6 orcs
  8 ball pythons
  10 bats
  8 endoplasms
  3 giant cockroaches
  12 goblins
  7 hobgoblins
  14 jackals
  16 kobolds
  3 quokkas
  5 frilled lizards
  7 rats
131 creatures vanquished.

Notes
Turn   | Place    | Note
-------+----------+-------------------------------------------
     0 | D:1      | qw the Gargoyle Hunter began the quest for the Orb.
     0 | D:1      | Reached XP level 1. HP: 12/12 MP: 1/1
     0 | D:1      | 0 ||| qw: Version: 0.3-a-76-g4403597
     0 | D:1      | 0 ||| qw: Game counter: 1216
     0 | D:1      | 0 ||| qw: Melee chars always use a shield: true
     0 | D:1      | 0 ||| qw: God list: Okawaru
     0 | D:1      | 0 ||| qw: Allow faded altars: false
     0 | D:1      | 0 ||| qw: Do Orc after clearing Dungeon:15 true
     0 | D:1      | 0 ||| qw: Do second Lair branch before Depths: true
     0 | D:1      | 0 ||| qw: Lair rune preference: random
     0 | D:1      | 0 ||| qw: Goals: Normal
     0 | D:1      | 0 ||| PLANNING D:1-11
   108 | D:1      | Reached XP level 2. HP: 17/17 MP: 2/2
   314 | D:1      | Reached XP level 3. HP: 19/21 MP: 3/3
   443 | D:1      | Reached skill level 5 in Ranged Weapons
   470 | D:1      | Found a faded altar of an unknown god.
   628 | D:1      | 628 ||| Stepping ~*~*~tactically~*~*~ (outnumbered).
   630 | D:1      | 630 ||| Stepping ~*~*~tactically~*~*~ (outnumbered).
   632 | D:1      | 632 ||| Stepping ~*~*~tactically~*~*~ (outnumbered).
  1028 | D:1      | 1028 ||| UPGRADING to +0 ring mail.
  1038 | D:1      | 1038 ||| DROPPING +0 leather armour.
  1039 | D:1      | 1039 ||| UPGRADING to +6 ring of strength.
  1040 | D:1      | 1040 ||| READING scroll labelled HEYDAXOSOS.
  1041 | D:1      | 1041 ||| READING 4 scrolls labelled VUALLA DIRUICI.
  1042 | D:1      | 1042 ||| READING scroll labelled TINAALARGHE.
  1043 | D:1      | 1043 ||| READING scroll labelled NIPHEQ OMOI.
  1044 | D:1      | 1044 ||| READING scroll labelled ZEMURO ZUSMANLEB.
  1045 | D:1      | 1045 ||| READING 3 scrolls of identify.
  1045 | D:1      | 1045 ||| IDENTIFYING amethyst potion
  1046 | D:1      | 1046 ||| READING 2 scrolls of identify.
  1046 | D:1      | 1046 ||| IDENTIFYING puce potion
  1047 | D:1      | 1047 ||| DROPPING scroll of butterflies.
  1048 | D:1      | 1048 ||| DROPPING potion of berserk rage.
  1256 | D:2      | Reached skill level 1 in Armour
  1311 | D:2      | Reached XP level 4. HP: 27/27 MP: 4/4
  1427 | D:2      | Reached skill level 3 in Fighting
  1530 | D:2      | You fall into a shaft and drop 1 floor!
  1627 | D:3      | 1627 ||| DROPPING ring of magical power.
  1628 | D:3      | 1628 ||| READING 2 scrolls of identify.
  1628 | D:3      | 1628 ||| IDENTIFYING fizzy ruby potion
  1834 | D:3      | 1834 ||| STAIRDANCE
  1839 | D:3      | 1839 ||| STAIRDANCE
  1964 | D:3      | Reached XP level 5. HP: 26/32 MP: 5/5
  2189 | D:3      | Found a shimmering blue altar of Sif Muna.
  2627 | D:3      | 2627 ||| READING 3 scrolls labelled SEEW JUASK.
  2628 | D:3      | 2628 ||| READING scroll labelled SIKUOJ LYWICO.
  2729 | D:3      | 2729 ||| DRINKING 2 silvery potions.
  2730 | D:3      | 2730 ||| DRINKING 2 fuming brown potions.
  2731 | D:3      | 2731 ||| DRINKING potion of curing.
  2731 | D:3      | 2731 ||| (to cure confusion)
  2732 | D:3      | 2732 ||| READING 4 scrolls of identify.
  2732 | D:3      | 2732 ||| IDENTIFYING clear potion
  2733 | D:3      | 2733 ||| READING 3 scrolls of identify.
  2733 | D:3      | 2733 ||| IDENTIFYING golden potion
  2734 | D:3      | 2734 ||| DROPPING potion of ambrosia.
  2735 | D:3      | 2735 ||| DROPPING potion of attraction.
  2736 | D:3      | 2736 ||| DROPPING 2 scrolls of blinking.
  2737 | D:3      | 2737 ||| DROPPING potion of lignification.
  2780 | D:4      | Reached skill level 6 in Ranged Weapons
  2960 | D:4      | Found a runed translucent door.
  2961 | D:4      | Noticed qw's ghost (amateur GrHs)
  3027 | D:4      | Reached XP level 6. HP: 38/38 MP: 6/6
  3031 | D:4      | Found a hazy altar of Hepliaklqana.
  3067 | D:4      | Found a sparkling altar of Nemelex Xobeh.
  3067 | D:4      | Found a broken altar of Ashenzari.
  3080 | D:4      | Found an ornate altar of the Wu Jian Council.
  3083 | D:4      | Found a snail-covered altar of Cheibriados.
  3134 | D:4      | Found a runed translucent door.
  3152 | D:4      | 3152 ||| Stepping ~*~*~tactically~*~*~ (outnumbered).
  3253 | D:4      | 3253 ||| UPGRADING to amulet of reflection.
  3258 | D:4      | 3258 ||| READING scroll labelled SESAEG DIZOOWEMP.
  3289 | D:4      | 3289 ||| READING scroll labelled ZOJUFF JOIFRAKH.
  3290 | D:4      | 3290 ||| READING 2 scrolls of identify.
  3290 | D:4      | 3290 ||| IDENTIFYING fizzy dark potion
  3291 | D:4      | 3291 ||| DROPPING potion of invisibility.
  3294 | D:4      | 3294 ||| FLEEEEING.
  3295 | D:4      | 3295 ||| FLEEEEING.
  3296 | D:4      | 3296 ||| FLEEEEING.
  3297 | D:4      | 3297 ||| FLEEEEING.
  3298 | D:4      | 3298 ||| FLEEEEING.
  3299 | D:4      | 3299 ||| FLEEEEING.
  3300 | D:4      | 3300 ||| FLEEEEING.
  3301 | D:4      | 3301 ||| FLEEEEING.
  3302 | D:4      | 3302 ||| FLEEEEING.
  3303 | D:4      | 3303 ||| FLEEEEING.
  3310 | D:4      | 3310 ||| FLEEEEING.
  3311 | D:4      | 3311 ||| FLEEEEING.
  3312 | D:4      | 3312 ||| FLEEEEING.
  3313 | D:4      | 3313 ||| FLEEEEING.
  3314 | D:4      | 3314 ||| FLEEEEING.
  3315 | D:4      | 3315 ||| FLEEEEING.
  3316 | D:4      | 3316 ||| FLEEEEING.
  3317 | D:4      | 3317 ||| FLEEEEING.
  3318 | D:4      | 3318 ||| FLEEEEING.
  3319 | D:4      | 3319 ||| FLEEEEING.
  3324 | D:4      | 3324 ||| FLEEEEING.
  3325 | D:4      | 3325 ||| FLEEEEING.
  3326 | D:4      | 3326 ||| FLEEEEING.
  3327 | D:4      | 3327 ||| FLEEEEING.
  3328 | D:4      | 3328 ||| FLEEEEING.
  3329 | D:4      | 3329 ||| FLEEEEING.
  3332 | D:4      | 3332 ||| FLEEEEING.
  3336 | D:4      | 3336 ||| STAIRDANCE
  3342 | D:4      | 3342 ||| STAIRDANCE
  3346 | D:4      | 3346 ||| STAIRDANCE
  3350 | D:4      | 3350 ||| STAIRDANCE
  3354 | D:4      | 3354 ||| STAIRDANCE
  3358 | D:4      | 3358 ||| STAIRDANCE
  3362 | D:4      | 3362 ||| STAIRDANCE
  3366 | D:4      | 3366 ||| STAIRDANCE
  3370 | D:4      | 3370 ||| STAIRDANCE
  3374 | D:4      | 3374 ||| STAIRDANCE
  3378 | D:4      | 3378 ||| STAIRDANCE
  3382 | D:4      | 3382 ||| STAIRDANCE
  3386 | D:4      | 3386 ||| STAIRDANCE
  3390 | D:4      | 3390 ||| STAIRDANCE
  3394 | D:4      | 3394 ||| STAIRDANCE
  3398 | D:4      | 3398 ||| STAIRDANCE
  3402 | D:4      | 3402 ||| STAIRDANCE
  3406 | D:4      | 3406 ||| STAIRDANCE
  3410 | D:4      | 3410 ||| STAIRDANCE
  3414 | D:4      | 3414 ||| STAIRDANCE
  3455 | D:4      | 3455 ||| FLEEEEING.
  3456 | D:4      | 3456 ||| FLEEEEING.
  3457 | D:4      | 3457 ||| FLEEEEING.
  3486 | D:4      | 3486 ||| FLEEEEING.
  3487 | D:4      | 3487 ||| FLEEEEING.
  3531 | D:3      | 3531 ||| READING scroll labelled TIM PENUCAU.
  3811 | D:4      | 3811 ||| READING scroll labelled AKOFIMOKUT.
  3871 | D:5      | Entered Level 5 of the Dungeon
  3905 | D:5      | 3905 ||| SWAPPING to +0 orcbow.
  3906 | D:5      | 3906 ||| DROPPING +0 heavy shortbow.
  3995 | D:5      | Reached skill level 7 in Ranged Weapons
  4134 | D:5      | 4134 ||| READING scroll of brand weapon.
  4134 | D:5      | 4134 ||| BRANDING +0 orcbow.
  4292 | D:5      | Found Omeihuem's Armour Boutique.
  4297 | D:5      | 4297 ||| SHOPLISTING +1 ring mail "Wef Omne" {rF++} (335
                  | gold, have 248).
  4679 | D:5      | HP: 7/38 [ogre/+0 giant club (31)]
  4680 | D:5      | 4680 ||| READING scroll of teleportation.
  4681 | D:5      | 4681 ||| DRINKING potion of heal wounds.
  4684 | D:5      | Reached XP level 7. HP: 38/43 MP: 7/7
  4734 | D:5      | 4734 ||| READING scroll labelled PIAGHEO YJENK.
  4735 | D:5      | 4735 ||| READING scroll labelled BIDUMENIGHI.
  4736 | D:5      | 4736 ||| READING 3 scrolls of identify.
  4736 | D:5      | 4736 ||| IDENTIFYING purple potion
  4795 | D:6      | 4795 ||| STAIRDANCE
  4820 | D:6      | 4820 ||| Stepping ~*~*~tactically~*~*~ (outnumbered).
  4820 | D:6      | Found Syluypt's General Store.
  4827 | D:6      | Reached skill level 8 in Ranged Weapons
  4854 | D:6      | Noticed a wraith
  4866 | D:6      | Killed a wraith
  4899 | D:6      | 4899 ||| BUYING potion of curing (42 gold).
  4899 | D:6      | Bought a potion of curing for 42 gold pieces
  4899 | D:6      | 4899 ||| BUYING scroll of identify (28 gold).
  4899 | D:6      | Bought a scroll of identify for 28 gold pieces
  4899 | D:6      | 4899 ||| BUYING scroll of teleportation (42 gold).
  4899 | D:6      | Bought a scroll of teleportation for 42 gold pieces
  5034 | D:6      | Found an ancient bone altar of Kikubaaqudgha.
  5090 | D:6      | Reached XP level 8. HP: 46/50 MP: 8/8
  5116 | D:6      | Found a staircase to the Ecumenical Temple.
  5117 | D:6      | 5117 ||| PLANNING TEMPLE
  5126 | D:6      | Noticed Jeremiah
  5133 | D:6      | 5133 ||| Stepping ~*~*~tactically~*~*~ (outnumbered).
  5138 | D:6      | 5138 ||| RETREATING.
  5148 | D:6      | HP: 12/50 [gnoll/+0 spear[a gnoll bouda] (3)]
  5149 | D:6      | 5149 ||| READING scroll of teleportation.
  5150 | D:6      | Killed from afar by Jeremiah

Levels and vault maps discovered:
D:1:      amcnicky_arrival_wind_blow, layout_basic,
          shapermc_ecumenical_altar_rom_forum, chequers_serial_rivers_room_a,
          minmay_misc_feat_rows, minivault_11, lexackson_kobold_supper
D:2:      layout_loops_ring
D:3:      minmay_thinvault, layout_loops_cross, nicolae_overflow_hidden_temple
D:4:      layout_cave_pods, minmay_overflow_temple_star_hex,
          ebering_ghost_sewer_f, minmay_vboxes
D:5:      layout_basic, serial_shops, kennysheep_little_box
D:6:      layout_cave_pools, okawaru_gym_becter, nicolae_tso_carved_into_rock,
          mainiacjoe_overflow_alcove_4, minmay_temple_entry_ruins, serial_shops,
          shop, uniq_jeremiah

Skill      XL: |  1  2  3  4  5  6  7 |
---------------+----------------------+-----
Ranged Weapons | 5 6 7 8 |  8.4
Armour         | 1 |  1.2
Fighting       | 3 4 5 |  5.4
Dodging        | 2 |  2.7
Stealth        | |  1.1

Action                     |  1- 3 |  4- 6 |  7- 9 || total
---------------------------+-------+-------+-------++-------
   Fire: Shortbow          |    95 |   152 |       ||   247
         Orcbow            |       |    33 |    80 ||   113
    Use: Scroll            |     7 |    12 |     4 ||    23
         Potion            |       |     4 |       ||     4
 Armour: Leather armour    |    20 |       |       ||    20
         Ring mail         |     4 |   107 |    41 ||   152
  Dodge: Dodged            |    16 |    94 |    22 ||   132
  Block: Other             |       |     6 |    12 ||    18
         Reflection        |       |       |     1 ||     1

Table legend:
 A = Non-vault XP
 B = Vault XP
 C = Vault XP percentage of total XP
 D = Non-vault monster count
 E = Vault monster count
 F = Vault count percentage of total count
                 A         B        C        D         E       F
            +---------+---------+-------+---------+---------+-------
      Total |    1323 |     121 |   8.4 |     100 |      31 |  23.7
            +---------+---------+-------+---------+---------+-------
        D:1 |      48 |      13 |  21.3 |      29 |       8 |  21.6
        D:2 |      68 |       0 |   0.0 |      18 |       0 |   0.0
        D:3 |      40 |      34 |  45.9 |      18 |      17 |  48.6
        D:4 |     239 |      74 |  23.6 |      18 |       6 |  25.0
        D:5 |     219 |       0 |   0.0 |       5 |       0 |   0.0
        D:6 |     709 |       0 |   0.0 |      12 |       0 |   0.0
            +---------+---------+-------+---------+---------+-------
